 Dungeon Crawl Stone Soup version 0.31-a0-816-gd61d57ddb1 (webtiles) character file.

Game seed: 15689980434346643082

2167318 EnegeticOcto the Demolition Elf (level 25, 148/148 HPs)
             Began as a Deep Elf Fighter on Sept 22, 2023.
             Was an Elder of Makhleb.
             Escaped with the Orb
             ... and 4 runes!
             The game lasted 02:36:40 (74931 turns).

EnegeticOcto the Demolition Elf (Deep Elf Fighter) Turns: 74931, Time: 02:36:40

Health: 148/148    AC: 26    Str: 15    XL:     25   Next: 7%
Magic:  55/55      EV: 34    Int: 20    God:    Makhleb [****..]
Gold:   2328       SH: 17    Dex: 36    Spells: 55/58 levels left

rFire   + . .        X - +9 demon trident (spect)
rCold   + . .        j - +0 kite shield {reflect}
rNeg    . . .        J - +5 swamp dragon scales
rPois   +            K - +3 crown of Dyrovepreva {rElec Int+2 SInv}
rElec   +            Z - scarf {rC+ rF+}
rCorr   +            B - +3 pair of gloves of Ocsoviu {Regen+ Dex+4}
SInv    +            I - +2 pair of boots {rampage}
Will    +++..        o - amulet of guardian spirit
Stlth   +            w - ring of Namokh {Will+ Dex+5 Stlth-}
HPRegen 1.24/turn    y - ring "Xiruyj Toci" {rCorr MP+9 Dex+5, =R}
MPRegen 0.34/turn

%: reflection, guardian spirit, rampage
@: studying Evocations
A: thin skeletal structure 1, frail 1, screaming 1, subdued magic 1, inability
to drink after injury 1, MP-powered wands
0: Orb of Zot
}: 4/15 runes: barnacled, slimy, silver, gossamer
a: Renounce Religion, Minor Destruction, Lesser Servant of Makhleb, Major
Destruction


You escaped.
You worshipped Makhleb.
Makhleb was greatly pleased with you.
You visited 10 branches of the dungeon, and saw 52 of its levels.

You collected 9421 gold pieces.
You spent 7093 gold pieces at shops.

Inventory:

Hand Weapons
 p - a +6 dagger of distortion
   (You took it off Psyche on level 9 of the Dungeon)
 X - a +9 spectral demon trident (weapon)
   (You took it off a merfolk impaler on level 3 of the Shoals)
Missiles
 b - 15 javelins
 t - 32 silver javelins (quivered)
 A - 7 throwing nets {!f}
 D - 6 curare-tipped darts
 W - 27 boomerangs
Armour
 j - a +0 kite shield of reflection (worn)
   (You took it off Donald on level 1 of the Vaults)
 B - the +3 pair of gloves of Ocsoviu (worn) {Regen+ Dex+4}
   (You acquired it on level 15 of the Dungeon)

   Dex+4:     It affects your dexterity (+4).
   Regen+:    It increases your rate of health regeneration.
 I - a +2 pair of boots of rampaging (worn)
   (You bought it in a shop on level 2 of the Orcish Mines)
 J - +5 swamp dragon scales (worn)
   (You took it off Maggie on level 8 of the Dungeon)
 K - the +3 crown of Dyrovepreva (worn) {rElec Int+2 SInv}
   (You found it on level 4 of the Shoals)

   Int+2:     It affects your intelligence (+2).
   rElec:     It insulates you from electricity.
   SInv:      It lets you see invisible.
 Z - a scarf of resistance (worn)
   (You found it on level 4 of the Spider Nest)
Jewellery
 n - a ring of positive energy
   (You found it on level 2 of the Dungeon)
 o - an amulet of guardian spirit (around neck)
   (You found it on level 4 of the Depths)
 w - the ring of Namokh (left hand) {Will+ Dex+5 Stlth-}
   (You took it off a deep elf pyromancer on level 3 of the Elven Halls)

   [ring of willpower]

   Dex+5:     It affects your dexterity (+5).
   Will+:     It increases your willpower.
   Stlth-:    It makes you less stealthy.
 y - the ring "Xiruyj Toci" (right hand) {rCorr MP+9 Dex+5, =R}
   (You found it on level 3 of the Depths)

   [ring of magical power]

   Dex+5:     It affects your dexterity (+5).
   MP+9:      It affects your magic capacity (+9).
   rCorr:     It protects you from acid and corrosion.
 C - the ring "Trusted Companion" {rF+ rC+ rN+}
   (You acquired it on level 5 of the Vaults)

   [ring of protection from cold]

   rF+:       It protects you from fire.
   rC+:       It protects you from cold.
   rN+:       It protects you from negative energy.
Wands
 u - a wand of acid (9) {@v1}
   (You found it on level 1 of the Lair of Beasts)
 E - a wand of mindburst (18)
   (You found it on level 2 of the Shoals)
 G - a wand of paralysis (26)
   (You found it on level 1 of the Lair of Beasts)
 M - a wand of polymorph (5)
   (You found it on level 5 of the Vaults)
 Q - a wand of digging (14) {@v3}
   (You found it on level 5 of the Lair of Beasts)
 S - a wand of iceblast (23) {@v2}
   (You found it on level 11 of the Dungeon)
Scrolls
 a - 4 scrolls of vulnerability
 g - 8 scrolls of teleportation {@r3 !r}
 h - a scroll of blinking {@r4}
 m - 6 scrolls of fog {!r}
 s - 5 scrolls of immolation
 v - a scroll of revelation {@r5 !r}
 F - 5 scrolls of poison
 L - a scroll of torment
 P - 5 scrolls of fear {!r}
 R - 3 scrolls of butterflies
Potions
 c - 2 potions of magic
 d - 3 potions of might {@q3 !q}
 e - 17 potions of curing {@q1 !q}
 i - 3 potions of mutation
 l - 8 potions of enlightenment
 q - 7 potions of attraction
 r - 2 potions of resistance
 x - 2 potions of cancellation
 z - 2 potions of haste {@q4 !q}
 O - a potion of heal wounds {@q2 !q}
 T - 8 potions of lignification {@q6}
 V - 4 potions of invisibility
 Y - 6 potions of ambrosia
Miscellaneous
 f - a lightning rod (4/4)
   (You found it on level 5 of the Vaults)
 H - a phantom mirror
   (You found it on level 5 of the Vaults)
 N - a tin of tremorstones (2/2)
   (You found it on level 5 of the Vaults)
 U - a box of beasts
   (You found it on level 5 of the Vaults)


   Skills:
 + Level 19.0 Fighting
 - Level 4.2 Short Blades
 - Level 11.2(12.3) Polearms
 - Level 10.8(14.0) Staves
 - Level 16.0 Throwing
 - Level 10.0 Armour
 - Level 20.0 Dodging
 - Level 12.0 Shields
 + Level 17.1 Spellcasting
 - Level 4.0 Translocations
 - Level 20.0 Invocations
 - Level 14.0 Evocations


You had 55 spell levels left.
You knew the following spells:

 Your Spells              Type           Power      Damage    Failure   Level
a - Apportation           Tloc           50%        N/A       1%          1
p - Passwall              Tmut/Erth      10%        N/A       16%         2

Your spell library contained the following spells:

 Spells                   Type           Power      Damage    Failure   Level
 Magic Dart               Conj           52%        1d5       10%         1
 Necrotise                Necr           52%        1d6       10%         1
 Sandblast                Erth           26%        2d8       10%         1
 Shock                    Conj/Air       52%        1d6       10%         1
 Slow                     Hex            52%        N/A       10%         1
 Sting                    Tmut/Pois      52%        1d5       10%         1
 Summon Small Mammal      Summ           52%        N/A       10%         1
 Call Imp                 Summ           26%        N/A       16%         2
 Cigotuvi's Dreadful Rot  Necr/Pois/Air  26%        N/A       16%         2
 Ensorcelled Hibernation  Hex/Ice        26%        N/A       16%         2
 Jinxbite                 Hex            26%        N/A       16%         2
 Poisonous Vapours        Pois/Air       26%        N/A       16%         2
 Scorch                   Fire           26%        2d6       16%         2
 Manifold Assault         Tloc           25%        N/A       19%         4
 Passage of Golubria      Tloc           25%        N/A       19%         4
 Call Canine Familiar     Summ           13%        N/A       30%         3
 Confusing Touch          Hex            13%        N/A       30%         3
 Frozen Ramparts          Ice            26%        1d4       30%         3
 Ignite Poison            Fire/Tmut/Pois 13%        N/A       30%         3
 Mephitic Cloud           Conj/Pois/Air  13%        N/A       30%         3
 Sigil of Binding         Hex            13%        N/A       30%         3
 Stone Arrow              Conj/Erth      26%        3d8       30%         3
 Summon Guardian Golem    Hex/Summ       13%        N/A       30%         3
 Swiftness                Air            13%        N/A       30%         3
 Tukima's Dance           Hex            13%        N/A       30%         3
 Vampiric Draining        Necr           13%        2d6       30%         3
 Airstrike                Air            6%         2d(1-17)  71%         4
 Anguish                  Hex/Necr       6%         N/A       71%         4
 Brom's Barrelling Bould  Conj/Erth      13%        2d4       71%         4
 Dispel Undead            Necr           13%        3d9       71%         4
 Flame Wave               Conj/Fire      13%        2d6       71%         4
 Leda's Liquefaction      Hex/Erth       6%         N/A       71%         4
 Olgreb's Toxic Radiance  Pois           13%        N/A       71%         4
 Summon Ice Beast         Ice/Summ       13%        N/A       71%         4
 Summon Forest            Summ/Tloc      9%         N/A       78%         5
 Alistair's Intoxication  Tmut/Pois      8%         N/A       96%         5
 Borgnjor's Vile Clutch   Necr/Erth      6%         N/A       96%         5
 Freezing Cloud           Conj/Ice/Air   6%         6-21      96%         5
 Lee's Rapid Deconstruct  Erth           6%         3d6*      96%         5
 Silence                  Hex/Air        6%         N/A       96%         5
 Yara's Violent Unravell  Hex/Tmut       6%         3d5       96%         5
 Dispersal                Tloc           12%        N/A       97%         6
 Bombard                  Conj/Erth      6%         9d2       100%        6
 Conjure Ball Lightning   Conj/Air       6%         3x3d6     100%        6
 Death Channel            Necr           6%         N/A       100%        6
 Eringya's Noxious Bog    Tmut/Pois      6%         4d6       100%        6
 Simulacrum               Ice/Necr       6%         N/A       100%        6
 Summon Cactus Giant      Summ           6%         N/A       100%        6
 Ozocubu's Refrigeration  Ice            6%         4d8       100%        7
 Summon Hydra             Summ           6%         N/A       100%        7
 Borgnjor's Revivificati  Necr           6%         N/A       100%        8
 Discord                  Hex            6%         N/A       100%        8
 Disjunction              Tloc           12%        N/A       100%        8
 Ignition                 Fire           6%         3d4       100%        8
 Lehudib's Crystal Spear  Conj/Erth      6%         10d3      100%        8
 Polar Vortex             Ice            6%         N/A       100%        9


Dungeon Overview and Level Annotations

Branches:
Dungeon (15/15)            Temple (0/1) D:7            Lair (5/5) D:8
 Shoals (4/4) Lair:3       Spider (4/4) Lair:2        Slime (5/5) Lair:5
    Orc (2/2) D:11            Elf (3/3) Orc:2        Vaults (5/5) D:13
  Crypt (0/3) Vaults:3     Depths (4/4) D:15            Zot (5/5) Depths:4

Altars:
Cheibriados
Dithmenos
Elyvilon
Fedhas
Gozag
Hepliaklqana
Makhleb
Nemelex Xobeh
Qazlal
Sif Muna
Trog
Uskayaw
Vehumet
Wu Jian
Xom
Jiyva

Shops:
D:1 (   D:2 [   D:5 =   D:6 *   D:7 *   D:8 (   D:12 (   Orc:1 :   Orc:2 :[[[[
Shoals:2 (   Shoals:3 (   Vaults:1 *   Vaults:3 [   Depths:4 (

Portals:
Hell: Depths:1 Depths:2 Depths:3 Depths:4
Abyss: Depths:1 Depths:3
Pandemonium: Depths:2 Depths:4
Ziggurat: Depths:3
Trove: Vaults:1 (give 3 potions of resistance)

Annotations:
Elf:1 3 runed translucent doors, exclusion: 3 doors
Elf:2 3 runed translucent doors, exclusion: 3 doors
Vaults:1 1 runed translucent door, exclusion: door, Heedrag's ghost, adept DsSh
Zot:2 1 transporter


Innate Abilities, Weirdness & Mutations

You have a somewhat thin skeletal structure. (Dex +2, Stealth+)
You are frail. (-10% HP)
You occasionally shout uncontrollably at your foes.
Your spells are a little easier to cast, but a little less powerful.
You occasionally lose the ability to drink potions when taking damage.
You expend magic power (3 MP) to strengthen your wands.


Message History

(V) Vaults (C) Crypt (U) Depths (H) Hell (Z) Zot
Where to? (Tab/Enter - D:1 @ (x,y), ? - help)
What level of the Dungeon? (default 1, ? - help)
You can drink potions again.
There is a stone staircase leading up here.
You fly upwards.
There is a stone staircase leading down here.
HP restored.
There is an open door here.
A Reamo and a neqoxec come into view.
Reamo barks, "Repent, thou bootless sow-suckled dewberry!"
The neqoxec shouts!
Press: ? - help, v - describe, . - travel
Here: Reamo, armed with a flaming touch The floor.
Unknown command.
A green death comes into view.
Blink to where?
Press: ? - help, Dir - move target
As you read the scroll of blinking {@r4}, it crumbles to dust.
A cacodemon comes into view.
You yell at the cacodemon!
Your extra speed is starting to run out.
A sixfirhy comes into view.
Some rock shatters into small pieces.
There is a stone staircase leading up here.
You fly upwards.
There is a stone staircase leading down here.
(D) Dungeon (T) Temple (L) Lair (A) Shoals (N) Spider Nest (M) Slime Pits (O) Orcish Mines (E) Elven Halls (V) Vaults (C) Crypt (U) Depths (H) Hell (Z) Zot
Where to? (Tab/Enter - D:1 @ (x,y), ? - help)
What level of the Dungeon? (default 1, ? - help)
You feel yourself slow down.
There is a stone staircase leading up here.
You fly upwards.
You are starting to lose your buoyancy.
There is a stone staircase leading down here.
You float gracefully downwards.
Your enlightenment fades.
There is a stone staircase leading up here.
You climb upwards.
There is a stone staircase leading down here.
A red devil comes into view. It is wielding a +0 trident.
You see here a +0 flail.
There is a stone staircase leading up, spattered with blood here.
You see here a scroll of noise.
You climb upwards.
There is a stone staircase leading down, spattered with blood here.
(D) Dungeon (T) Temple (L) Lair (A) Shoals (N) Spider Nest (M) Slime Pits (O) Orcish Mines (E) Elven Halls (V) Vaults (C) Crypt (U) Depths (H) Hell (Z) Zot
Where to? (Tab/Enter - D:1 @ (x,y), ? - help)
Things that are here:
a +0 leather armour; a +0 club
There is an open door here.
There is a stone staircase leading up here.
You climb upwards.
There is a stone staircase leading down here.
There is a stone staircase leading up here.
You climb upwards.
There is a stone staircase leading down here.
You see here 3 stones.
There is an escape hatch in the ceiling here.
There is a stone staircase leading up here.
You climb upwards.
There is a stone staircase leading down here.
An Orb Guardian comes into view.
You reach to attack!
You puncture the Orb Guardian!
The Orb Guardian is lightly wounded.
Your +9 spectral demon trident hits the Orb Guardian!
You reach to attack!
You hit the Orb Guardian but do no damage.
The Orb Guardian is moderately wounded.
Your +9 spectral demon trident hits the Orb Guardian but does no damage.
You puncture the Orb Guardian!
The Orb Guardian is heavily wounded.
Your +9 spectral demon trident hits the Orb Guardian!!
The Orb Guardian hits your +9 spectral demon trident!
Your spectral weapon shares its damage with you!
You puncture the Orb Guardian!
The Orb Guardian is almost dead.
Your +9 spectral demon trident hits the Orb Guardian!
You kill the Orb Guardian!
Makhleb accepts your kill.
You feel better.
Your +9 spectral demon trident disappears.
Magic restored.
You yell at the sun demon!
A balrug and 4 sun demons come into view.
Blink to where?
Press: ? - help, Dir - move target
As you read the scroll of blinking {@r4}, it crumbles to dust.
The sun demon shouts! x2
The balrug gestures at you. The sticky flame misses you.
You have escaped!

#####.#.##.##########.#........#
......#....# #.########.#
#####################.# #.#
....................#.# #.#
....................#.# ###.##
#####...####.3.##...#.# #..... #
#...# #2..##...#.######.#.## #
#...####...3....#......#.#...
#####........)3.@...######[#.#...
....................######.#.#..#
..........#######...#......#.#..#
..#####...# #...#.######.#..# ..#
#...# #...#........#... ..# #...#
#...#...#########
..#####...#######...#............
....................#...#########
....................#.>.#


You could see a balrug and 3 sun demons.

Vanquished Creatures
  the Royal Jelly (Slime:5)
  4 dread liches
  3 orbs of fire (Zot:5)
  2 ancient liches (Vaults:5)
  3 Killer Klowns (Zot:5)
  11 caustic shrikes
  Nikola (Spider:1)
  4 golden dragons
  Arachne (Spider:4)
  An electric golem (Zot:5)
  Jorgrun (D:12)
  9 tentacled monstrosities
  2 liches (Vaults:5)
  A walking earthen tome (Depths:4)
  23 Orb Guardians
  2 deep elf master archers (Elf:3)
  7 titans
  13 acid blobs
  5 quicksilver dragons
  A deep elf blademaster (Elf:3)
  4 sphinxes
  A kraken (Shoals:4)
  A death cob (Zot:5)
  10 tengu reavers
  Gastronok (D:8)
  10 storm dragons
  3 draconian monks
  2 shadow dragons (Vaults:5)
  Ilsuiw (Shoals:4)
  2 draconian knights
  Agnes (D:15)
  8 rockslimes
  3 emperor scorpions (Spider:4)
  7 azure jellies
  3 iron dragons
  6 frost giants
  10 deep elf sorcerers (Elf:3)
  7 draconian scorchers
  4 fire giants
  A balrug (D:13)
  9 vault wardens
  3 deep elf elementalists (Elf:3)
  2 draconian shifters
  An orc warlord (Vaults:4)
  5 ghost moths
  A cacodemon (Depths:1)
  4 spectral caustic shrikes (Depths:3)
  2 draconian annihilators
  3 draconian stormcallers (Zot:1)
  12 stone giants
  21 very ugly things
  A formless jellyfish (Shoals:4)
  14 ironbound preservers
  2 deep elf demonologists (Elf:3)
  6 ironbound thunderhulks
  3 war gargoyles
  2 green draconians
  5 quicksilver oozes (Slime:5)
  7 deep elf annihilators
  Azrael (Elf:1)
  6 purple draconians
  4 black draconians
  A lorocyproca (Depths:1)
  2 yellow draconians
  6 spark wasps
  10 dire elephants
  5 red draconians
  3 white draconians
  The ghost of Dahifo the Grappler, a journeyman TrMo of Hepliaklqana (D:12)
  A blizzard demon (Depths:2)
  2 crystal guardians
  4 deep elf death magi
  6 fire dragons
  7 merfolk javelineers
  6 ettins
  9 merfolk impalers
  12 great orbs of eyes
  Josephine (D:11)
  An entropy weaver (shapeshifter) (Vaults:5)
  2 jiangshi (Depths:1)
  12 yaktaur captains
  2 entropy weavers
  Fannar (D:12)
  11 deep elf high priests
  3 peacekeepers
  9 hydras
  24 vault guards
  6 ice dragons
  2 rakshasas
  A hell beast (Depths:4)
  2 spriggan air magi (Depths:1)
  Harold (Orc:1)
  Erolcha (Orc:1)
  8 ironbound frosthearts
  2 jorogumos
  The ghost of Turbonekonecno the Ruffian, a novice TrWr of Qazlal (D:9)
  7 two-headed ogres
  2 alligator snapping turtles (Shoals:4)
  4 centaur warriors
  6 merfolk avatars
  3 radroaches
  2 merfolk aquamancers
  4 deep troll shamans
  A two-headed ogre (shapeshifter) (Vaults:2)
  5 deep troll earth magi
  15 dancing weapons
  7 boulder beetles
  5 death yaks
  2 tengu warriors (Depths:1)
  2 satyrs
  3 demonic crawlers
  A shock serpent (shapeshifter) (Vaults:5)
  Nergalle (D:10)
  An orc high priest (Orc:2)
  Urug (D:11)
  3 spriggan berserkers
  2 vampire magi
  Sonja (Orc:2)
  14 deep elf knights
  5 sun demons
  A fire crab (Lair:3)
  5 hell knights
  A soul eater (Depths:4)
  Lodul (D:11)
  5 iron trolls
  15 sea snakes
  A goliath frog (shapeshifter) (Depths:4)
  A salamander mystic (Depths:4)
  A goliath frog (Lair:5)
  A sixfirhy (Depths:1)
  Amaemon (D:11)
  12 skysharks
  3 pharaoh ants
  52 deep trolls
  7 glowing orange brains
  2 flayed ghosts
  18 deep elf archers
  6 spectral wolf spiders (Spider:3)
  5 orc knights
  10 wizards
  9 orb spiders
  31 deep elf zephyrmancers
  3 phantasmal warriors
  4 steelbarb worms
  4 wolf spider zombies (Spider:3)
  7 lindwurms
  A mana viper (shapeshifter) (Vaults:5)
  A harpy (shapeshifter) (Vaults:5)
  8 ironbound convokers
  A tengu skeleton (Depths:1)
  34 ugly things
  2 necromancers
  A fire giant zombie (Depths:3)
  4 orc sorcerers
  2 shining eyes
  25 deep elf pyromancers
  21 wolf spiders
  A frost giant zombie (Depths:3)
  13 fauns
  11 harpies
  18 manticores
  4 elephants
  3 salamanders (Depths:4)
  8 moths of wrath
  5 cyclopes
  Maurice (Orc:2)
  A toenail golem (Depths:1)
  3 black mambas
  An iron dragon skeleton (Depths:3)
  A salamander (shapeshifter) (D:14)
  7 water nymphs
  5 merfolk sirens
  A rust devil (Depths:4)
  11 vault sentinels
  Maggie (D:8)
  A torpor snail (shapeshifter) (Vaults:5)
  5 orange demons
  4 torpor snails
  Jeremiah (D:7)
  19 cane toads
  A hellion (Zot:2)
  A tormentor (Depths:4)
  Psyche (D:9)
  2 freezing wraiths
  4 rime drakes
  A rime drake (shapeshifter) (Vaults:3)
  8 komodo dragons
  A kobold demonologist (D:10)
  3 tengu conjurers
  21 yaktaurs
  A troll (D:11)
  2 polar bears
  3 wind drakes
  5 wolf spider simulacra (Spider:3)
  9 hornets
  27 merfolk
  A queen bee (shapeshifter) (Vaults:2)
  5 hellwings (Depths:4)
  A tengu simulacrum (Vaults:3)
  16 snapping turtles
  16 tarantellas
  11 dream sheep
  24 blink frogs
  A stone giant simulacrum (Depths:1)
  A jumping spider (shapeshifter) (D:14)
  17 culicivoras
  3 air elementals
  63 slime creatures
  A flying skull (Vaults:3)
  19 jumping spiders
  A vampire (D:12)
  3 shadows (D:11)
  2 wyverns
  6 spriggans
  8 water elementals
  59 yaks
  6 wraiths
  Grum (D:11)
  7 basilisks
  2 fire elementals (Elf:1)
  30 redbacks
  4 wargs (Orc:1)
  3 steam dragons
  12 vampire mosquitoes
  Menkaure (D:7)
  A human zombie (Depths:1)
  6 acid dragons
  17 water moccasins
  A human skeleton (Depths:1)
  Duvessa (D:7)
  6 hell hounds
  A floating eye (Slime:5)
  22 orc warriors
  2 ice beasts
  A sky beast (D:7)
  2 black bears (D:5)
  10 ogres
  13 wolves
  7 centaurs
  A phantom (D:6)
  A kobold brigand (D:9)
  The ghost of schaIuck the Digger, an amateur GrEE (D:3)
  20 bullfrogs
  4 scorpions
  2 earth elementals (Elf:1)
  A gnoll sergeant (D:9)
  Blork the orc (D:5)
  Dowan (D:7)
  15 wights
  10 killer bees
  7 electric eels
  7 howler monkeys
  7 crimson imps (D:7)
  3 hounds
  3 jellies
  3 gnoll boudas
  19 orc priests
  A sleepcap (D:5)
  8 iguanas
  29 orc wizards
  Natasha (thrice) (D:1)
  11 adders
  26 gnolls
  A shadow imp (D:7)
  A white imp (D:7)
  An ufetubus (D:6)
  A dart slug (D:3)
  64 orcs
  13 bats
  8 endoplasms
  3 giant cockroaches
  5 goblins
  5 hobgoblins
  2 jackals (D:4)
  3 quokkas
  8 ball pythons
  4 frilled lizards
  14 kobolds
  8 rats
  A spectral weapon (Zot:5)
  4 tentacles (Shoals:4)
1821 creatures vanquished.

Vanquished Creatures (collateral kills)
  A dread lich (Zot:5)
  An ancient lich (Zot:5)
  Sojobo (Vaults:2)
  A Killer Klown (Zot:5)
  Xtahua (Vaults:5)
  2 caustic shrikes (Depths:4)
  Jory (Depths:3)
  An electric golem (Zot:5)
  2 tentacled monstrosities (Zot:5)
  An Orb Guardian (Zot:5)
  A titan (Vaults:5)
  An ancient champion (Vaults:2)
  Donald (Vaults:1)
  A storm dragon (Zot:5)
  A frost giant (Depths:4)
  A deep elf sorcerer (Elf:3)
  2 vault wardens (Vaults:5)
  A ghost moth (Spider:4)
  A very ugly thing (Vaults:5)
  2 ironbound preservers (Vaults:1)
  A stone giant (Vaults:5)
  3 black draconians (Zot:5)
  A white draconian (Zot:5)
  A red draconian (Zot:5)
  4 dire elephants (Vaults:1)
  A merfolk impaler (Shoals:4)
  2 merfolk javelineers (Shoals:4)
  A yaktaur captain (Vaults:2)
  A great orb of eyes (shapeshifter) (Depths:4)
  A hydra (Lair:5)
  A vault guard (Vaults:5)
  5 centaur warriors
  A merfolk aquamancer (Shoals:4)
  A radroach (Spider:2)
  Erica (Orc:1)
  3 death yaks (Lair:4)
  5 hell knights
  A deep elf knight (Elf:1)
  A skyshark (Lair:2)
  5 deep trolls (Vaults:1)
  2 pharaoh ants (Spider:1)
  A sea snake (Shoals:1)
  3 orb spiders (Spider:1)
  6 necromancers
  A steelbarb worm (Spider:1)
  An orc sorcerer (Orc:2)
  3 ugly things
  4 wolf spiders
  A moth of wrath (Zot:5)
  A water nymph (Shoals:1)
  2 vault sentinels
  3 cane toads
  2 yaktaurs
  3 tarantellas
  2 hornets (Spider:4)
  4 dream sheep (Lair:3)
  A slime creature (Vaults:2)
  A jumping spider (Spider:2)
  2 culicivoras (Spider:1)
  A wyvern (Lair:2)
  2 yaks (Lair:2)
  A redback (Spider:2)
  A floating eye (Depths:4)
  A water moccasin (Lair:2)
  3 orc warriors
  A wolf (Lair:2)
  2 orc wizards (Orc:2)
  5 orcs (Orc:1)
124 creatures vanquished.

Vanquished Creatures (others)
  A dancing weapon (Elf:1)
  A demonic crawler (Spider:2)
  An orb spider (Spider:4)
  A wizard (Vaults:2)
  A steelbarb worm (Spider:4)
  A deep elf pyromancer (Elf:1)
  2 deep elf zephyrmancers
  A wolf spider (Spider:4)
  A yaktaur (Vaults:2)
  2 hellwings (Depths:2)
  2 air elementals (Elf:1)
  A human zombie (Depths:3)
  An orc wizard (Orc:2)
  A white imp (D:7)
  100 spectral weapons
  5 tentacles (Shoals:4)
122 creatures vanquished.

Grand Total: 2067 creatures vanquished

Notes
Turn   | Place    | Note
-------+----------+-------------------------------------------
     0 | D:1      | EnegeticOcto the Deep Elf Fighter began the quest for the
                  | Orb.
     0 | D:1      | Reached XP level 1. HP: 13/13 MP: 3/3
   234 | D:1      | Reached XP level 2. HP: 18/18 MP: 4/4
   282 | D:1      | Reached skill level 3 in Short Blades
   649 | D:1      | Reached XP level 3. HP: 22/22 MP: 5/5
   760 | D:1      | Found Leeck's Weapon Boutique.
  1028 | D:2      | Noticed Natasha
  1047 | D:1      | Killed Natasha
  1048 | D:1      | Reached skill level 4 in Short Blades
  1417 | D:2      | Reached XP level 4. HP: 23/27 MP: 6/6
  1538 | D:2      | Found Daturyxa's Antique Armour Shoppe.
  1591 | D:2      | Reached skill level 3 in Fighting
  2187 | D:1      | Noticed Natasha
  2203 | D:1      | Killed Natasha
  2240 | D:1      | Found Leeck's Weapon Boutique.
  2549 | D:1      | Noticed Natasha
  2562 | D:1      | Killed Natasha
  2770 | D:3      | Reached XP level 5. HP: 33/33 MP: 7/7
  2801 | D:3      | Found a radiant altar of Vehumet.
  3115 | D:3      | Found a runed translucent gate.
  3116 | D:3      | Found a runed translucent gate.
  3116 | D:3      | Found a runed translucent gate.
  3116 | D:3      | Noticed schaIuck's ghost (amateur GrEE)
  3654 | D:4      | Reached skill level 4 in Fighting
  3729 | D:4      | Identified the +2 quarterstaff of Rerphyeb {spect, Fly rN+
                  | Dex+3}
  3776 | D:4      | Reached skill level 1 in Staves
  3882 | D:4      | Found a hazy altar of Hepliaklqana.
  3963 | D:4      | Found a burning altar of Makhleb.
  4000 | D:4      | Reached skill level 2 in Staves
  4000 | D:4      | Reached XP level 6. HP: 26/38 MP: 8/8
  4253 | D:4      | Reached skill level 3 in Staves
  4305 | D:4      | Became a worshipper of Makhleb the Destroyer
  4458 | D:5      | Entered Level 5 of the Dungeon
  4487 | D:5      | Reached XP level 7. HP: 32/44 MP: 9/9
  4489 | D:5      | Reached skill level 4 in Staves
  4582 | D:5      | Found Eskulam's Jewellery Shoppe.
  4758 | D:5      | Noticed Blork the orc
  4829 | D:5      | Killed Blork the orc
  4957 | D:5      | Reached skill level 5 in Fighting
  5035 | D:5      | Reached skill level 5 in Staves
  5255 | D:5      | Identified the +4 ring mail "Edinloxt" {rF++ rC+}
  5381 | D:5      | Reached * piety under Makhleb
  5662 | D:5      | Found Eskulam's Jewellery Shoppe.
  6039 | D:6      | Reached skill level 6 in Staves
  6039 | D:6      | Reached XP level 8. HP: 50/50 MP: 10/10
  6263 | D:6      | Found Izal's CLEARANCE SALE!.
  6282 | D:6      | Bought a +0 pair of boots for 22 gold pieces
  6282 | D:6      | Bought a potion of curing for 15 gold pieces
  6282 | D:6      | Bought a potion of mutation for 40 gold pieces
  6426 | D:6      | Reached skill level 7 in Staves
  6523 | D:6      | Reached skill level 6 in Fighting
  6615 | D:6      | Reached skill level 1 in Dodging
  6808 | D:3      | Reached ** piety under Makhleb
  6820 | D:3      | Killed schaIuck's ghost
  6821 | D:3      | Reached skill level 2 in Dodging
  6975 | D:7      | Reached skill level 8 in Staves
  6980 | D:7      | Found Juotapra's General Store.
  7060 | D:7      | Bought a potion of heal wounds for 70 gold pieces
  7082 | D:7      | Noticed Menkaure
  7176 | D:7      | Killed Menkaure
  7177 | D:7      | Reached XP level 9. HP: 53/56 MP: 11/11
  7206 | D:7      | Found a sparkling altar of Nemelex Xobeh.
  7210 | D:7      | Noticed Duvessa
  7247 | D:7      | Killed Duvessa
  7248 | D:7      | Reached skill level 3 in Dodging
  7248 | D:7      | Reached skill level 1 in Invocations
  7512 | D:7      | Reached skill level 2 in Invocations
  7642 | D:7      | Noticed Dowan
  7656 | D:7      | Noticed Jeremiah
  8085 | D:7      | Reached skill level 4 in Dodging
  8095 | D:7      | Identified 2 scrolls of acquirement
  8095 | D:7      | Acquired 762 gold pieces
  8194 | D:2      | Bought a brightly glowing plate armour for 616 gold pieces
  8194 | D:2      | Identified the +0 plate armour of the Poles {Dex+3} (You
                  | bought it in a shop on level 2 of the Dungeon)
  8295 | D:6      | Acquired the +2 helmet of Jeira {Dex+3}
  8502 | D:7      | Killed Dowan
  8503 | D:7      | Reached skill level 1 in Polearms
  8783 | D:7      | Reached skill level 3 in Invocations
  8857 | D:7      | Killed Jeremiah
  8858 | D:7      | Reached skill level 7 in Fighting
  8858 | D:7      | Reached skill level 2 in Polearms
  8916 | D:7      | Bought a +1 cloak of willpower for 231 gold pieces
  9024 | D:7      | Found a staircase to the Ecumenical Temple.
  9091 | D:8      | Reached skill level 5 in Dodging
  9125 | D:8      | Found a staircase to the Lair.
  9151 | D:8      | Reached *** piety under Makhleb
  9196 | D:8      | Reached skill level 3 in Polearms
  9268 | D:8      | Noticed Gastronok
  9317 | D:8      | Found Qeuceurphe's Weapon Shop.
  9325 | D:8      | Bought the +5 Force Lance {heavy, knockback} for 448 gold
                  | pieces
  9325 | D:8      | Found the +5 Force Lance {heavy, knockback}
  9350 | D:8      | Reached XP level 10. HP: 46/63 MP: 14/14
  9605 | D:8      | Noticed Maggie
  9612 | D:8      | Killed Maggie
  9726 | D:8      | Killed Gastronok
  9727 | D:8      | Reached skill level 4 in Polearms
  9727 | D:8      | Reached skill level 6 in Dodging
  9778 | D:8      | Found a shimmering blue altar of Sif Muna.
 10227 | D:9      | Found a runed translucent door.
 10227 | D:9      | Noticed Turbonekonecno's ghost (novice TrWr)
 10232 | D:9      | Noticed a two-headed ogre
 10248 | D:9      | Killed a two-headed ogre
 10249 | D:9      | Reached skill level 5 in Polearms
 10249 | D:9      | Reached skill level 7 in Dodging
 10316 | D:9      | Reached skill level 8 in Fighting
 10497 | D:9      | Reached XP level 11. HP: 68/68 MP: 15/15
 10519 | D:9      | Noticed Psyche
 10531 | D:9      | Killed Psyche
 10639 | D:9      | Found a white marble altar of Elyvilon.
 10841 | D:10     | Entered Level 10 of the Dungeon
 10848 | D:10     | Found a snail-covered altar of Cheibriados.
 10853 | D:10     | Found an ornate altar of the Wu Jian Council.
 10853 | D:10     | Found a stormy altar of Qazlal.
 10857 | D:10     | Found an opulent altar of Gozag.
 10889 | D:10     | Reached skill level 6 in Polearms
 10893 | D:10     | Reached **** piety under Makhleb
 10985 | D:10     | Noticed a two-headed ogre
 11118 | D:10     | Found a hide-covered altar of Uskayaw.
 11288 | D:10     | Noticed a two-headed ogre
 11298 | D:10     | Killed a two-headed ogre
 11299 | D:10     | Reached skill level 8 in Dodging
 11461 | D:10     | Noticed Nergalle
 11488 | D:10     | Killed Nergalle
 11665 | D:10     | Found a shimmering altar of Xom.
 11720 | D:10     | Reached skill level 4 in Invocations
 12188 | D:10     | Reached skill level 7 in Polearms
 12250 | D:10     | Killed a two-headed ogre
 13027 | Lair:1   | Entered Level 1 of the Lair of Beasts
 13304 | Lair:1   | Reached skill level 5 in Invocations
 13371 | Lair:1   | Reached skill level 9 in Fighting
 13797 | Lair:1   | Reached skill level 8 in Polearms
 14098 | Lair:1   | Noticed a lindwurm
 14109 | Lair:1   | Killed a lindwurm
 14110 | Lair:1   | Reached XP level 12. HP: 73/76 MP: 18/18
 14225 | Lair:2   | Noticed a five-headed hydra
 14260 | Lair:1   | Reached skill level 6 in Invocations
 14572 | Lair:2   | Noticed an eight-headed hydra
 14578 | Lair:2   | Killed an eight-headed hydra
 14596 | Lair:2   | Reached skill level 9 in Polearms
 14651 | Lair:2   | Killed a five-headed hydra
 14709 | Lair:2   | Reached skill level 10 in Fighting
 14767 | Lair:2   | Found a gate leading to a gauntlet.
 15199 | Lair:2   | Found a hole to the Spider Nest.
 15319 | Lair:2   | Reached skill level 10 in Polearms
 16189 | D:5      | Bought the amulet of the Death Scarab {Reflect rElec Int+3
                  | SH+5} for 553 gold pieces
 16677 | Lair:3   | Reached XP level 13. HP: 82/82 MP: 19/19
 16691 | Lair:3   | Reached skill level 11 in Polearms
 16827 | Lair:3   | Found a staircase to the Shoals.
 17425 | Lair:4   | Reached skill level 3 in Shields
 17428 | Lair:4   | Reached skill level 3 in Armour
 17766 | Lair:4   | Reached skill level 7 in Invocations
 17983 | Lair:4   | Reached skill level 4 in Armour
 17983 | Lair:4   | Reached skill level 4 in Shields
 18910 | Lair:5   | Entered Level 5 of the Lair of Beasts
 19022 | Lair:5   | Reached skill level 8 in Invocations
 19106 | Lair:5   | Reached skill level 5 in Armour
 19112 | Lair:5   | Reached skill level 5 in Shields
 19115 | Lair:5   | Reached ***** piety under Makhleb
 19308 | Lair:5   | Reached skill level 9 in Invocations
 19404 | Lair:5   | Reached skill level 6 in Armour
 19404 | Lair:5   | Reached XP level 14. HP: 60/88 MP: 23/23
 19622 | Lair:4   | Reached skill level 10 in Invocations
 20066 | Lair:5   | Reached skill level 11 in Invocations
 20629 | Lair:5   | Reached skill level 12 in Invocations
 20701 | Lair:5   | Found a viscous altar of Jiyva.
 20702 | Lair:5   | Found a staircase to the Slime Pits.
 20799 | Lair:5   | Reached skill level 1 in Evocations
 21051 | Lair:5   | Found the +8 demon blade "Leech" {evervamp, Harm Drain rN+}
 21338 | Lair:4   | Reached skill level 2 in Evocations
 21968 | D:11     | Found a staircase to the Orcish Mines.
 21987 | D:11     | Noticed Lodul
 22025 | D:11     | Killed Lodul
 22026 | D:11     | Reached skill level 3 in Evocations
 22269 | D:11     | Reached skill level 9 in Dodging
 22351 | D:11     | Noticed Urug
 22370 | D:11     | Killed Urug
 22398 | D:11     | Noticed Josephine
 22427 | D:11     | Killed Josephine
 22598 | D:11     | Noticed Amaemon
 22620 | D:11     | Killed Amaemon
 22621 | D:11     | Reached skill level 4 in Evocations
 22843 | D:11     | Noticed Grum
 22855 | D:11     | Killed Grum
 23053 | Orc:1    | Entered Level 1 of the Orcish Mines
 23053 | Orc:1    | Noticed Erolcha
 23053 | Orc:1    | Found a radiant altar of Vehumet.
 23056 | Orc:1    | Noticed Erica
 23061 | Orc:1    | Killed Erolcha
 23061 | Orc:1    | Noticed Harold
 23064 | Orc:1    | Killed Erica
 23074 | Orc:1    | Killed Harold
 23293 | Orc:1    | Found Ugotzom's Book Emporium.
 23840 | Orc:2    | Entered Level 2 of the Orcish Mines
 23872 | Orc:2    | Found a staircase to the Elven Halls.
 23875 | Orc:2    | Noticed Maurice
 23885 | Orc:2    | Killed Maurice
 23944 | Orc:2    | Reached skill level 5 in Evocations
 24098 | Orc:2    | Reached skill level 10 in Dodging
 24200 | Orc:2    | Reached XP level 15. HP: 93/93 MP: 26/26
 24403 | Orc:2    | Reached ****** piety under Makhleb
 24585 | Orc:2    | Found Irphepn's Armour Shop.
 24585 | Orc:2    | Found Veymp's Antique Armour Boutique.
 24586 | Orc:2    | Found Zoneas's Antique Armour Boutique.
 24590 | Orc:2    | Found Mumum's Armour Shop.
 24598 | Orc:2    | Bought the +0 pair of gloves of the Solstice {Will+ Dex+2}
                  | for 255 gold pieces
 24598 | Orc:2    | Bought a +2 pair of boots of rampaging for 258 gold pieces
 24737 | Orc:2    | Found Doutz's Vocational Training.
 24738 | Orc:2    | Noticed Sonja
 24745 | Orc:2    | Killed Sonja
 25125 | D:12     | Noticed Jorgrun
 25143 | D:12     | Killed Jorgrun
 25336 | D:12     | Identified the ring "Wocunt" {rN+ Str+2}
 25413 | D:12     | Noticed Fannar
 25440 | D:12     | Reached skill level 11 in Fighting
 25462 | D:12     | Killed Fannar
 25887 | D:12     | Found Reupuin's Weapon Boutique.
 26138 | D:13     | Reached skill level 6 in Evocations
 26538 | D:13     | Found a runed translucent door.
 26560 | D:13     | Noticed Dahifo's ghost (journeyman TrMo)
 26561 | D:13     | Identified the +0 trident "Usuis" {vamp, Int+5}
 26604 | D:13     | Found a gate to the Vaults.
 26719 | D:14     | Reached skill level 11 in Dodging
 26848 | D:14     | Reached skill level 13 in Invocations
 26878 | D:14     | Found a blossoming altar of Fedhas.
 27536 | D:15     | Entered Level 15 of the Dungeon
 27974 | D:15     | Noticed Agnes
 27988 | D:15     | Killed Agnes
 28309 | D:14     | Reached skill level 9 in Staves
 28484 | D:15     | Acquired the +3 pair of gloves of Ocsoviu {Regen+ Dex+4}
 28711 | D:15     | Found a staircase to the Depths.
 28726 | D:15     | Identified the +1 falchion of the Crypt {heavy, rF+}
 28909 | Shoals:1 | Entered Level 1 of the Shoals
 28916 | Shoals:1 | Reached skill level 12 in Dodging
 29947 | Orc:2    | Bought a pitted plate armour for 756 gold pieces
 29947 | Orc:2    | Identified the +0 plate armour of Indemnity {Contam Will+
                  | Regen+} (You bought it in a shop on level 2 of the Orcish
                  | Mines)
 29950 | Orc:2    | Bought a glowing scarf for 216 gold pieces
 30293 | Shoals:1 | Reached skill level 12 in Fighting
 30536 | Shoals:1 | Reached skill level 14 in Invocations
 30587 | Shoals:1 | Reached XP level 16. HP: 101/101 MP: 28/28
 30823 | Shoals:2 | Found Cun Muruvi's Weapon Shop.
 31175 | Shoals:2 | Reached skill level 10 in Staves
 31516 | Shoals:2 | Reached skill level 13 in Dodging
 32208 | Shoals:3 | Found Zucwuucuut's Antique Weapon Shop.
 32584 | Shoals:4 | Entered Level 4 of the Shoals
 32871 | Shoals:4 | Identified the +6 whip "Nacsav" {freeze, Will+ Int+3 Dex+4}
 32994 | Shoals:4 | Identified the +0 scale mail "Rapiw" {rElec}
 33790 | Shoals:4 | Identified the +8 morningstar of Disaster {holy, rElec
                  | Int+5}
 34245 | Shoals:4 | Noticed Ilsuiw
 34274 | Shoals:4 | Reached skill level 15 in Invocations
 34275 | Shoals:4 | Killed Ilsuiw
 34531 | Shoals:4 | Reached skill level 14 in Dodging
 34544 | Shoals:4 | Found the +3 crown of Dyrovepreva {rElec Int+2 SInv}
 34564 | Shoals:4 | Reached skill level 13 in Fighting
 34907 | Shoals:4 | Identified the amulet "Soygafal" {rPois Regen+ Int-2 Dex+8
                  | Slay-3}
 34918 | Shoals:4 | Noticed a kraken
 34940 | Shoals:4 | Killed a kraken
 34978 | Shoals:4 | Reached skill level 16 in Invocations
 34978 | Shoals:4 | Reached XP level 17. HP: 108/108 MP: 29/31
 34989 | Shoals:4 | Got a barnacled rune of Zot
 35657 | Spider:1 | Entered Level 1 of the Spider Nest
 35878 | Spider:1 | Gained mutation: You are frail. (-10% HP) [mutagenic glow]
 35921 | Spider:1 | Lost mutation: You are frail. (-10% HP) [potion of
                  | mutation]
 35921 | Spider:1 | Gained mutation: You have a somewhat thin skeletal
                  | structure. (Dex +2, Stealth+) [potion of mutation]
 35921 | Spider:1 | Gained mutation: You expend magic power (3 MP) to
                  | strengthen your wands. [potion of mutation]
 35921 | Spider:1 | Gained mutation: Your spells are a little easier to cast,
                  | but a little less powerful. [potion of mutation]
 36001 | Spider:1 | Noticed Nikola
 36027 | Spider:1 | Killed Nikola
 36073 | Spider:1 | Reached skill level 17 in Invocations
 36621 | Spider:1 | Reached skill level 18 in Invocations
 37211 | Spider:2 | Identified the +3 leather armour of Refuge {Rampage rPois
                  | Str+3 Stlth-}
 37540 | Spider:3 | Identified the +0 scale mail "Qinups" {rN++ rCorr Str-2
                  | Slay+2}
 38304 | Spider:3 | Identified the +10 war axe of Slow Death {heavy, rElec rF-
                  | Will++ Str+3}
 38490 | Spider:3 | Reached skill level 7 in Armour
 38541 | Spider:4 | Entered Level 4 of the Spider Nest
 38712 | Spider:4 | Noticed Arachne
 38723 | Spider:4 | Killed Arachne
 38724 | Spider:4 | Reached skill level 15 in Dodging
 38790 | Spider:4 | Identified the +1 dagger of Eternal War {flame, rElec Will-
                  | Str-4 SInv}
 39280 | Spider:4 | Reached XP level 18. HP: 116/116 MP: 33/33
 40383 | Spider:4 | Reached skill level 8 in Armour
 40422 | Spider:4 | Got a gossamer rune of Zot
 40885 | Elf:1    | Entered Level 1 of the Elven Halls
 41244 | Elf:1    | Found a radiant altar of Vehumet.
 41270 | Elf:1    | Reached skill level 14 in Fighting
 41323 | Elf:1    | Paralysed by an air elemental for 1 turns
 41561 | Elf:1    | Noticed Azrael
 41577 | Elf:1    | Killed Azrael
 41642 | Elf:1    | Reached skill level 6 in Shields
 41709 | Elf:1    | Reached skill level 16 in Dodging
 42029 | Elf:1    | Found a runed translucent gate.
 42029 | Elf:1    | Found a runed translucent gate.
 42029 | Elf:1    | Found a runed translucent gate.
 42740 | D:9      | Killed Turbonekonecno's ghost
 42933 | D:12     | Killed Dahifo's ghost
 43350 | Elf:2    | Identified the +7 great mace "Risu" {spect, rElec}
 43378 | Elf:2    | Reached skill level 9 in Armour
 43546 | Elf:2    | Reached skill level 7 in Shields
 43994 | Elf:2    | Found a runed translucent gate.
 43995 | Elf:2    | Found a runed translucent gate.
 43995 | Elf:2    | Found a runed translucent gate.
 44025 | Elf:3    | Entered Level 3 of the Elven Halls
 44208 | Elf:3    | Paralysed by an air elemental for 1 turns
 44821 | Elf:3    | Reached XP level 19. HP: 122/122 MP: 34/34
 45447 | Vaults:1 | Entered Level 1 of the Vaults
 45686 | Vaults:1 | Found a portal to a secret trove of treasure.
 45747 | Vaults:1 | Reached skill level 17 in Dodging
 46194 | Vaults:1 | Noticed Donald
 46205 | Vaults:1 | Killed Donald
 46434 | Vaults:1 | Reached skill level 8 in Shields
 46527 | Vaults:1 | Found a runed translucent door.
 46529 | Vaults:1 | Noticed Heedrag's ghost (adept DsSh)
 46706 | Vaults:1 | Found Telad's General Store.
 46721 | Vaults:1 | Bought a scroll of acquirement for 936 gold pieces
 46721 | Vaults:1 | Acquired 370 gold pieces
 46842 | Vaults:1 | Reached skill level 15 in Fighting
 46842 | Vaults:1 | Reached skill level 10 in Armour
 47072 | Vaults:1 | Bought 2 scrolls of fog for 144 gold pieces
 47072 | Vaults:1 | Bought a potion of curing for 54 gold pieces
 47072 | Vaults:1 | Bought a potion of cancellation for 144 gold pieces
 47502 | Vaults:2 | Noticed Sojobo
 47520 | Vaults:2 | Killed Sojobo
 47603 | Vaults:2 | Reached skill level 18 in Dodging
 47727 | Vaults:2 | Reached skill level 9 in Shields
 48309 | Vaults:2 | Reached XP level 20. HP: 131/131 MP: 35/35
 48875 | Vaults:3 | Found a staircase to the Crypt.
 48963 | Vaults:3 | Reached skill level 10 in Shields
 48984 | Vaults:3 | Reached skill level 16 in Fighting
 49583 | Vaults:3 | Found Mouckuto's Armour Shop.
 50089 | Vaults:4 | Reached skill level 7 in Evocations
 50852 | Vaults:4 | Reached skill level 8 in Evocations
 52563 | D:6      | Bought 2 javelins for 30 gold pieces
 52867 | Depths:1 | Entered Level 1 of the Depths
 52921 | D:15     | Reached skill level 1 in Throwing
 53408 | Depths:1 | Reached skill level 2 in Throwing
 53629 | Depths:1 | Reached skill level 11 in Shields
 53656 | Depths:1 | Reached skill level 3 in Throwing
 53971 | Depths:1 | Reached skill level 4 in Throwing
 53988 | Depths:1 | Identified the +3 rapier of Governance {drain, rPois}
 54001 | Depths:1 | Found a gateway to Hell.
 54338 | Depths:1 | Reached skill level 9 in Evocations
 54514 | Depths:1 | Reached skill level 5 in Throwing
 54712 | Depths:1 | Reached XP level 21. HP: 137/137 MP: 36/36
 54807 | Depths:1 | Found a one-way gate to the infinite horrors of the Abyss.
 54830 | Depths:1 | Found a bloodstained altar of Trog.
 55152 | Depths:2 | Found a one-way gate leading to the halls of Pandemonium.
 55459 | Depths:2 | Found a shadowy altar of Dithmenos.
 55478 | Depths:2 | Identified the ring "Lurcho Exau" {MP+9 Str+3 Dex+3}
 55971 | Depths:2 | Acquired 1100 gold pieces
 56143 | Depths:3 | Reached skill level 6 in Throwing
 56275 | Depths:3 | Noticed a caustic shrike
 56276 | Depths:3 | Noticed a caustic shrike
 56282 | Depths:3 | Noticed a caustic shrike
 56285 | Depths:3 | Noticed a caustic shrike
 56286 | Depths:3 | Noticed a caustic shrike
 56289 | Depths:3 | Killed a caustic shrike
 56289 | Depths:3 | Killed a caustic shrike
 56293 | Depths:3 | Killed a caustic shrike
 56295 | Depths:3 | Killed a caustic shrike
 56298 | Depths:3 | Killed a caustic shrike
 56384 | Depths:3 | Identified the ring "Xiruyj Toci" {rCorr MP+9 Dex+5}
 56548 | Depths:3 | Reached skill level 7 in Throwing
 56795 | Depths:3 | You fall into a shaft and drop 1 floor!
 56795 | Depths:4 | Entered Level 4 of the Depths
 56816 | Depths:4 | Noticed a caustic shrike
 56822 | Depths:4 | Noticed a caustic shrike
 56823 | Depths:4 | Killed a caustic shrike
 56823 | Depths:4 | Noticed a caustic shrike
 56824 | Depths:4 | Reached skill level 10 in Evocations
 56830 | Depths:4 | Killed a caustic shrike
 56831 | Depths:4 | Reached skill level 17 in Fighting
 56831 | Depths:4 | Killed a caustic shrike
 57109 | Depths:4 | Noticed a caustic shrike
 57109 | Depths:4 | Noticed a caustic shrike
 57109 | Depths:4 | Noticed a caustic shrike
 57111 | Depths:4 | Noticed a caustic shrike
 57112 | Depths:4 | Noticed a caustic shrike
 57118 | Depths:4 | Killed a caustic shrike
 57119 | Depths:4 | Reached skill level 8 in Throwing
 57119 | Depths:4 | Killed a caustic shrike
 57122 | Depths:4 | Killed a caustic shrike
 57126 | Depths:4 | Killed a caustic shrike
 57132 | Depths:4 | Killed a caustic shrike
 57565 | Depths:4 | Reached skill level 12 in Shields
 57578 | Depths:4 | Reached skill level 9 in Throwing
 58024 | Depths:3 | Reached skill level 10 in Throwing
 58121 | Depths:3 | Identified the +12 sling "Kioluice" {heavy, Str+2 Int+3}
 58204 | Depths:3 | Noticed Jory
 58221 | Depths:3 | Killed Jory
 58246 | Depths:3 | Found a one-way gateway to a ziggurat.
 58515 | Depths:3 | Identified the +4 scale mail of Valour {*Slow Str+3 Int+5}
 58539 | Depths:3 | Reached skill level 11 in Throwing
 58569 | Depths:3 | Reached XP level 22. HP: 145/145 MP: 37/37
 59559 | Depths:4 | Noticed a golden dragon
 59571 | Depths:4 | Killed a golden dragon
 59583 | Depths:4 | Reached skill level 1 in Spellcasting
 59605 | Depths:4 | Found a gate to the Realm of Zot.
 59783 | Depths:4 | Reached skill level 2 in Spellcasting
 59886 | Depths:4 | Found Poethaaj's Antique Weapon Emporium.
 61319 | Elf:3    | Reached skill level 3 in Spellcasting
 61323 | Elf:3    | Identified the ring "Teosuhi" {*Corrode rPois rF+ rN+}
 61455 | Elf:3    | Identified the staff "EnegeticOcto's Doom" {Fragile rElec
                  | rF+ rC+ Int+3 Ice}
 62223 | Elf:3    | Reached skill level 12 in Throwing
 62433 | Elf:3    | Identified the +2 morningstar of Ruination {elec, rN+}
 62433 | Elf:3    | Identified the +1 plate armour "Veopn" {*Slow rPois Will-
                  | Regen+}
 62624 | Elf:3    | Reached skill level 4 in Spellcasting
 62779 | Elf:3    | Identified the ring of Namokh {Will+ Dex+5 Stlth-}
 62811 | Elf:3    | Got a grimy book
 62852 | Elf:3    | Identified the staff "Couwik" {Fly rF+ Will- Str+5 Stlth+
                  | Fire}
 63309 | Slime:1  | Entered Level 1 of the Pits of Slime
 63335 | Lair:5   | Paralysed by a great orb of eyes for 2 turns
 64125 | Slime:4  | Reached skill level 5 in Spellcasting
 64168 | Slime:5  | Entered Level 5 of the Pits of Slime
 64521 | Slime:5  | Noticed the Royal Jelly
 64544 | Slime:5  | Killed the Royal Jelly
 64984 | Slime:5  | Reached skill level 18 in Fighting
 65120 | Slime:5  | Reached skill level 6 in Spellcasting
 65195 | Slime:5  | Reached skill level 13 in Throwing
 65366 | Slime:5  | Identified the +3 orcbow of Valiance {drain, Contam SInv
                  | Stlth+}
 65370 | Slime:5  | Got a graven book
 65377 | Slime:5  | Identified the +7 quarterstaff of the Real Monster {flame,
                  | *Corrode rPois Str+5}
 65404 | Slime:5  | Got a slimy rune of Zot
 65408 | Slime:5  | Got a glossy book
 65481 | Slime:5  | Identified the staff of Fortitude {Drain rElec rF+ rC-
                  | Int+5 Fire}
 65496 | Slime:5  | Identified the +1 hand axe of Qazlal's Fury {heavy, rElec
                  | rPois rCorr Str-3}
 66342 | Vaults:5 | Entered Level 5 of the Vaults
 66376 | Vaults:5 | Reached skill level 19 in Invocations
 66418 | Vaults:5 | Noticed a dread lich
 66427 | Vaults:5 | Killed a dread lich
 66438 | Vaults:5 | Reached XP level 23. HP: 152/152 MP: 28/38
 66469 | Vaults:5 | Reached skill level 7 in Spellcasting
 66509 | Vaults:5 | Reached skill level 19 in Dodging
 66515 | Vaults:5 | Noticed Xtahua
 66525 | Vaults:5 | Killed Xtahua
 66714 | Vaults:5 | Identified the +8 mace of Cowardice {heavy, rPois}
 66896 | Vaults:5 | Reached skill level 14 in Throwing
 66974 | Vaults:5 | Identified the +8 dagger of Qazlal's Scorn {heavy, Str+4}
 67001 | Vaults:5 | Noticed an ancient lich
 67015 | Vaults:5 | Killed an ancient lich
 67065 | Vaults:5 | Got a silver rune of Zot
 67066 | Vaults:5 | Identified the staff of the Hurtling Gods {Str+6 Int+2
                  | Dex-3 Earth}
 67173 | Vaults:5 | Reached skill level 8 in Spellcasting
 67320 | Vaults:5 | Reached skill level 20 in Invocations
 67487 | Vaults:5 | Identified the +9 great sword "Kucuch" {heavy, rElec rC+}
 67621 | Vaults:5 | Acquired the ring "Trusted Companion" {rF+ rC+ rN+}
 67646 | Vaults:5 | Reached skill level 9 in Spellcasting
 67890 | Vaults:5 | Reached skill level 15 in Throwing
 68100 | Vaults:5 | Identified the +2 robe "Fuguck" {rC+ Will+}
 68131 | Vaults:5 | Noticed an ancient lich
 68137 | Vaults:5 | Identified the +6 flail "Murmur" {speed, rPois Dex+5}
 68143 | Vaults:5 | Killed an ancient lich
 68144 | Vaults:5 | Reached skill level 10 in Spellcasting
 68631 | Vaults:5 | Noticed a dread lich
 68643 | Vaults:5 | Killed a dread lich
 68650 | Vaults:5 | Identified the +0 leather armour of the Seven Ears {Harm
                  | Rampage rC+ Str-2}
 68654 | Vaults:5 | Reached skill level 20 in Dodging
 69304 | Orc:2    | Bought the +10 chain mail of the Lachrymose God {Str+2
                  | Dex+4} for 1185 gold pieces
 69369 | Orc:2    | Bought a manual of Evocations for 1120 gold pieces
 69611 | Zot:1    | Entered Level 1 of the Realm of Zot
 69736 | Zot:1    | Reached skill level 16 in Throwing
 69778 | Zot:1    | Reached skill level 11 in Spellcasting
 69821 | Zot:2    | Reached XP level 24. HP: 154/157 MP: 40/40
 69873 | Zot:2    | Learned a level 1 spell: Apportation
 69876 | Zot:2    | Learned a level 2 spell: Passwall
 69885 | Zot:2    | Found a transporter.
 69985 | Zot:3    | Reached skill level 1 in Translocations
 70005 | Zot:3    | Reached skill level 11 in Evocations
 70127 | Zot:4    | Reached skill level 2 in Translocations
 70602 | Zot:5    | Entered Level 5 of the Realm of Zot
 70610 | Zot:4    | Reached skill level 3 in Translocations
 70693 | Zot:5    | Reached skill level 12 in Spellcasting
 70708 | Zot:5    | Reached skill level 12 in Evocations
 70811 | Zot:4    | Reached skill level 4 in Translocations
 71542 | Zot:5    | Reached skill level 13 in Evocations
 71630 | Zot:5    | Reached skill level 13 in Spellcasting
 72238 | Zot:5    | Noticed a dread lich
 72254 | Zot:5    | Killed a dread lich
 72751 | Zot:5    | Noticed an orb of fire
 72759 | Zot:5    | Gained mutation: You occasionally shout uncontrollably at
                  | your foes. [an orb of fire]
 72767 | Zot:5    | Killed an orb of fire
 72768 | Zot:5    | Reached skill level 14 in Evocations
 72820 | Zot:5    | Noticed an orb of fire
 72830 | Zot:5    | Killed an orb of fire
 72831 | Zot:5    | Reached skill level 14 in Spellcasting
 73095 | Zot:5    | Noticed a Killer Klown
 73103 | Zot:5    | Killed a Killer Klown
 73113 | Zot:5    | Noticed a dread lich
 73118 | Zot:5    | Killed a dread lich
 73219 | Zot:5    | Identified the +1 falchion "Mareiczau" {venom, rCorr}
 73279 | Zot:5    | Noticed a Killer Klown
 73303 | Zot:5    | Killed a Killer Klown
 73304 | Zot:5    | Reached skill level 15 in Spellcasting
 73620 | Zot:5    | Noticed a Killer Klown
 73785 | Zot:5    | a Killer Klown changed into a titan
 73850 | Zot:5    | Noticed an orb of fire
 73872 | Zot:5    | Killed an orb of fire
 74146 | Zot:5    | Noticed a Killer Klown
 74177 | Zot:5    | Noticed a Killer Klown
 74177 | Zot:5    | Noticed a dread lich
 74180 | Zot:5    | Killed a Killer Klown
 74182 | Zot:5    | Noticed an ancient lich
 74198 | Zot:5    | Killed an ancient lich
 74201 | Zot:5    | Killed a Killer Klown
 74202 | Zot:5    | Reached skill level 16 in Spellcasting
 74202 | Zot:5    | Killed a dread lich
 74404 | Zot:5    | Reached XP level 25. HP: 156/164 MP: 31/45
 74427 | Zot:5    | Got the Orb of Zot
 74595 | Depths:1 | Gained mutation: You occasionally lose the ability to drink
                  | potions when taking damage. [a cacodemon]
 74597 | Depths:1 | Gained mutation: You are frail. (-10% HP) [a cacodemon]
 74658 | D:13     | Reached skill level 19 in Fighting
 74662 | D:13     | Reached skill level 17 in Spellcasting
 74764 | D:8      | Noticed Reamo the pandemonium lord
 74931 | D:$      | Escaped with the Orb!

Illustrated notes

Levels and vault maps discovered:
D:1:      dpeg_arrival_boxorama, layout_basic, serial_shops, shop
D:2:      layout_rooms, serial_shops, nicolae_shop_waterfront, serial_rivers,
          chequers_serial_rivers_small_a, chequers_serial_rivers_marsh,
          chequers_serial_rivers_large_b, chequers_serial_rivers_micro_a,
          chequers_serial_rivers_micro_a, uniq_natasha
D:3:      layout_basic, mainiacjoe_overflow_cross_hatched, gammafunk_ghost_split
D:4:      layout_gridville, lightli_temple_of_fire,
          nicolae_hepliaklqana_hippocampus, roderic_batcave
D:5:      layout_basic, serial_shops, nicolae_shop_back_alley_shop,
          uniq_blork_the_orc
D:6:      layout_rooms, nicolae_shop_clearance
D:7:      layout_rooms, mainiacjoe_overflow_chevrons, lemuel_temple_firewalk_b,
          serial_shops, nicolae_shop_rolling_square, minmay_nine_imps,
          uniq_jeremiah, uniq_duvessa, uniq_menkaure
D:8:      layout_basic, lemuel_round_altar, lair_entry_dummy, serial_shops,
          shop_fountains, uniq_maggie, uniq_gastronok
D:9:      layout_basic, mainiacjoe_overflow_paths,
          hellmonk_ghost_happy_afterlife, uniq_psyche
D:10:     layout_basic, mainiacjoe_overflow_boulevard,
          nicolae_uskayaw_murder_on_the_dancefloor, minitemple, uniq_nergalle
D:11:     layout_irregular_city, uniq_lodul, uniq_josephine, uniq_grum,
          uniq_urug, uniq_amaemon
D:12:     layout_grid_maze, serial_shops, shop, minmay_misc_feat_doors,
          uniq_fannar, uniq_jorgrun
D:13:     layout_cave_pools, hellmonk_vaults_attempted_burglary,
          ebering_ghost_funeral_grove
D:14:     layout_roguey, fedhas_altar_1
D:15:     grunt_enter_depths_hoard, layout_cave_pools,
          corexii_hall_statues_deadend, uniq_agnes
Lair:1:   layout_regular_city, nicolae_lair_lindhole, grunt_megastairs_5,
          lemuel_fruit_fields, serial_bayou_shore_b
Lair:2:   layout_regular_city, nicolae_spider_entry_orb_guardian,
          gauntlet_entry_generic, serial_bayou_shore_a, grunt_megastairs_3,
          lemuel_fruit_tree
Lair:3:   layout_roguey, minmay_shoals_entry_hut, hibernation_bobbens
Lair:4:   layout_hall_layers, serial_rivers, chequers_serial_rivers_marsh,
          chequers_serial_rivers_marsh, chequers_serial_rivers_large_a,
          chequers_serial_rivers_micro_a, patterned_corridor
Lair:5:   minmay_lair_end_frog_pond, layout_regular_city,
          dpeg_slime_entry_enclosed, dreamdust_deal_with_the_devil,
          infiniplex_staircase_pool
Shoals:1: layout_shoals
Shoals:2: layout_shoals, serial_shops, shop
Shoals:3: cheibrodos_shoals_oceanic_diplomacy, layout_shoals,
          nicolae_take_the_stairs, nicolae_shoals_so_close
Shoals:4: shoals_end_simple, layout_shoals, shoals_ilsuiw_alternative
Spider:1: layout_spider_delve, uniq_nikola
Spider:2: layout_spider_delve
Spider:3: layout_spider_delve, drop_trap, nicolae_spider_undead_wolf_pack
Spider:4: spider_rune_water, uniq_arachne
Slime:1:  layout_caves
Slime:2:  layout_caves
Slime:3:  layout_caves
Slime:4:  layout_caves, basic_altar
Slime:5:  slime_pit_nicolae_block_by_block
Orc:1:    layout_diamond_mine, serial_shops, nicolae_book_shop_shelving,
          basic_altar, nooodl_orcs_dogs, uniq_erolcha, uniq_harold, uniq_erica
Orc:2:    st_orc_mages, layout_caves, nicolae_shop_vocational, uniq_maurice,
          uniq_sonja
Elf:1:    eino_elf_arrival_altar, layout_loops_corners,
          minmay_elf_crystal_hexagon, nicolae_elf_hall_of_bonks, uniq_azrael
Elf:2:    nicolae_elf_blades_crystal_corner, layout_loops_ring
Elf:3:    minmay_elf_hall_x, layout_gridlike
Vaults:1: hellmonk_ghost_big_iron, nicolae_vaults_weapon_check,
          ontoclasm_vaults_tryst, v_pattern_2, nicolae_vaults_oval_intersection,
          hangedman_vaults_snaps, ontoclasm_vaults_pinch, v_rooms_3,
          nicolae_vaults_asterisk, nicolae_vaults_shelves_hall,
          nicolae_vaults_tetromino_Z_2, nicolae_vaults_trapezoid_1,
          layout_vaults_omnigrid, enter_trove_1, serial_shops,
          nicolae_shop_hallway_plus, uniq_donald
Vaults:2: ontoclasm_vaults_ring_small, nicolae_vaults_closet_pinwheel_4,
          vaults_room_large_hall, sword_in_stone, grunt_vaults_focal,
          nicolae_vaults_triangles, vaults_room_fours,
          nicolae_vaults_closet_pinwheel_3, nicolae_vaults_house_1,
          hangedman_vaults_slice, hangedman_vaults_stitches,
          nicolae_vaults_tangram_1, nicolae_vaults_house_3,
          grunt_vaults_hallway_short, layout_vaults_maze_snakey
Vaults:3: ontoclasm_vaults_gateway, v_misc_4, serial_ice_m,
          vaults_mumra_minichess, minmay_crypt_entry_simple_plaza, v_misc_15,
          nicolae_vaults_layer_cake_slice, vaults_dpeg_doors,
          nicolae_vaults_tetromino_L_2, layout_vaults_omnibox, serial_shops,
          nicolae_shop_temple_entry_statues_fountains
Vaults:4: nicolae_vaults_three_branches, ontoclasm_vaults_spin,
          nicolae_vaults_whirlpool_walls, nicolae_vaults_network_s,
          nicolae_vaults_rhombus_6, nicolae_vaults_what_the_h,
          nicolae_vaults_two_Ls, nicolae_vaults_theta,
          nicolae_vaults_tetromino_T_2, nicolae_vaults_wine_cellar,
          nicolae_vaults_diamond_1, layout_vaults_chaotic_city
Vaults:5: serial_shops, uniq_xtahua
Depths:1: layout_honeycomb, nrook_mini_vaults, grunt_hell_entry_dis_mu,
          abyss_entry, bloody_trog, grunt_megastairs_4
Depths:2: nicolae_BIG_FREAKIN_CUBE, layout_basic, hell_entry,
          nicolae_dithmenos_the_darkroom, rand_demon_pan_entry_5
Depths:3: lemuel_troll_bridge, layout_gridville, enter_ziggurat_b,
          abyss_entry_crystal, pf_hell_entry_tar_river, minmay_curled_crystal,
          infiniplex_staircase_pool_2, uniq_jory
Depths:4: evilmike_zot_entry_round, layout_gridlike, hell_entry,
          serial_bayou_shore_b, serial_shops,
          nicolae_shop_temple_entry_statues_fountains, grunt_pan_entry_spiral
Zot:1:    layout_twisted_circle, st_stairs_7, uniq_parghit
Zot:2:    gammafunk_dig_for_victory, layout_misc_corridors, basic_altar
Zot:3:    layout_concentric_octagons, grunt_ministairs_8, door_vault,
          grunt_megastairs_1
Zot:4:    layout_gridlike, uniq_josephina
Zot:5:    layout_cathedral_of_symmetry, grunt_ministairs_2, drop_trap

Skill      XL: |  1  2  3  4  5  6  7  8  9 10 11 12 13 14 15 16 17 18 19 20 21 22 23 24 25 |
---------------+----------------------------------------------------------------------------+-----
Short Blades   | 3 4 |  4.2
Fighting       | 3 4 5 6 7 8 9 10 12 13 14 15 16 17 18 19 | 19.0
Staves         | 2 3 6 8 9 10 | 10.8
Dodging        | 2 5 7 8 10 12 14 15 16 18 20 | 20.0
Invocations    | 3 5 6 9 12 14 16 18 19 20 | 20.0
Polearms       | 3 5 8 10 11 | 11.2
Shields        | 5 7 9 11 12 | 12.0
Armour         | 6 7 9 10 | 10.0
Evocations     | 5 6 9 10 14 | 14.0
Throwing       | 5 11 13 16 | 16.0
Spellcasting   | 6 11 16 17 | 17.1
Translocations | 4 |  4.0

Action                     |  1- 3 |  4- 6 |  7- 9 | 10-12 | 13-15 | 16-18 | 19-21 | 22-24 | 25-27 || total
---------------------------+-------+-------+-------+-------+-------+-------+-------+-------+-------++-------
  Melee: Rapier            |   129 |   122 |       |       |       |       |       |       |       ||   251
         Quarterstaff      |       |    53 |   230 |       |       |       |       |       |       ||   283
         Glaive            |       |       |   104 |       |       |       |       |       |       ||   104
         Lance             |       |       |     9 |   615 |  1560 |       |       |       |       ||  2184
         Lajatang          |       |       |       |       |   165 |   413 |       |       |       ||   578
         Demon trident     |       |       |       |       |       |  1478 |  2507 |  1731 |    63 ||  5779
         Unarmed           |       |       |       |       |       |       |       |     1 |       ||     1
  Throw: Dart              |       |       |     6 |    15 |       |       |       |       |       ||    21
         Boomerang         |       |       |       |       |       |       |    13 |   160 |       ||   173
         Javelin           |       |       |       |       |       |       |       |    23 |       ||    23
   Cast: Apportation       |       |       |       |       |       |       |       |     9 |       ||     9
 Invoke: Minor Destruction |       |       |    12 |    52 |    94 |   140 |     7 |       |       ||   305
         Lesser Servant of |       |       |       |     6 |    14 |    11 |     3 |       |       ||    34
         Major Destruction |       |       |       |       |    11 |    37 |    31 |     9 |       ||    88
         Greater Servant o |       |       |       |       |       |     6 |    17 |    17 |     1 ||    41
  Evoke: Wand              |       |       |       |     6 |    10 |    26 |    19 |    35 |       ||    96
         Lightning rod     |       |       |       |       |       |       |       |     4 |       ||     4
         Box of beasts     |       |       |       |       |       |       |       |     2 |       ||     2
         Phantom mirror    |       |       |       |       |       |       |       |     2 |       ||     2
    Use: Scroll            |     5 |     1 |     8 |    13 |    13 |    13 |    13 |    26 |     3 ||    95
         Potion            |       |       |       |     4 |     1 |    10 |     3 |    19 |     3 ||    40
   Stab: Distracted        |       |       |     5 |       |    11 |    16 |    20 |   104 |     1 ||   157
         Paralysed         |       |       |       |     3 |     6 |    18 |    19 |    22 |       ||    68
         Sleeping          |       |       |       |       |     1 |     5 |    10 |     6 |       ||    22
         Confused          |       |       |       |       |       |    16 |    18 |       |       ||    34
         Petrifying        |       |       |       |       |       |     1 |     6 |       |       ||     7
         Petrified         |       |       |       |       |       |       |     9 |       |       ||     9
 Armour: Scale mail        |    70 |   133 |    43 |       |       |       |       |       |       ||   246
         Ring mail         |       |       |   192 |   363 |   723 |   982 |   828 |    55 |       ||  3143
         Swamp dragon scal |       |       |       |       |       |       |       |   418 |     5 ||   423
         Skin              |       |       |       |       |       |       |       |     7 |       ||     7
  Dodge: Dodged            |    49 |    65 |   176 |   335 |   666 |  1179 |  1322 |   902 |    24 ||  4718
  Block: Buckler           |    28 |    31 |     4 |   123 |   583 |   685 |   148 |       |       ||  1602
         Reflection        |       |       |       |       |    24 |    46 |    55 |    27 |       ||   152
         Other             |       |       |       |       |    27 |    69 |       |       |       ||    96
         Kite shield       |       |       |       |       |       |       |  1616 |   743 |    33 ||  2392

Table legend: (Time is in decaauts)
 A = Elapsed time spent in this place.
 B = Non-inter-level travel time spent in this place.
 C = Inter-level travel time spent in this place.
 D = Time resting spent in this place.
 E = Time spent auto-exploring this place.
 F = Levels seen in this place.
 G = Mean time per level.
                   A        B        C        D        E       F      G
               +--------+--------+--------+--------+--------+-----+--------+
         Total |  73882 |  65617 |   8265 |  17792 |  31650 |  52 | 1420.8 |
       Dungeon |  21449 |  17703 |   3746 |   2412 |  11485 |  15 | 1429.9 |
          Lair |   9214 |   8016 |   1198 |   2302 |   3679 |   5 | 1842.8 |
        Shoals |   6830 |   6253 |    577 |   2659 |   2229 |   4 | 1707.5 |
   Spider Nest |   4867 |   4583 |    284 |   1409 |   1907 |   4 | 1216.8 |
    Slime Pits |   2575 |   2518 |     57 |   1004 |    821 |   5 |  515.0 |
  Orcish Mines |   2458 |   1892 |    566 |    273 |   1145 |   2 | 1229.0 |
   Elven Halls |   6398 |   5944 |    454 |   2516 |   2229 |   3 | 2132.7 |
        Vaults |   8325 |   7774 |    551 |    544 |   4584 |   5 | 1665.0 |
        Depths |   7105 |   6340 |    765 |   1509 |   3204 |   4 | 1776.2 |
           Zot |   4655 |   4593 |     62 |   3160 |    364 |   5 |  931.0 |
               +--------+--------+--------+--------+--------+-----+--------+

Top non-repeatable levels by time:
   Elf:3: 3469 daAuts
   Zot:5: 3423 daAuts
Shoals:4: 2943 daAuts
    D:10: 2828 daAuts
  Lair:5: 2484 daAuts
Depths:1: 2466 daAuts
Vaults:5: 2433 daAuts
  Lair:4: 2187 daAuts
     D:1: 2044 daAuts
Spider:4: 2008 daAuts
Depths:4: 1995 daAuts
   Elf:1: 1993 daAuts
     D:8: 1805 daAuts
 Slime:5: 1801 daAuts
Vaults:1: 1615 daAuts
